Map: Corrosion EC

Players

Bunny - Winner!

  • Race: Terran Terran
  • League: Diamond
  • Spawn Location: 11:00

ShaDoWn

  • Race: Protoss Protoss
  • League: Grandmaster
  • Spawn Location: 5:00

Event: HomeStory Cup XVII

VOD

Have the link to the VOD?

Description

Time

  • Played on: June 28, 2018, 3:14 p.m.
  • Length: 8:14

All games in this series

Show
View Real Time Build Order
Export as new Build Order

Bunny Terran - Winner!

Build Orders: Reaper Expand, MMM Bio 

Get SALT Encoding   

  12  0:01  SCV  
  13  0:13  SCV  
  14  0:17  Supply Depot  
  14  0:25  SCV  
  15  0:38  SCV  
  15  0:41  Barracks  
  16  0:44  Refinery  
  16  0:50  SCV  
  17  1:02  SCV  
  18  1:15  SCV  
  19  1:28  Orbital Command, Reaper  
  20  1:41  Command Center  
  20  1:51  Supply Depot  
  20  1:53  SCV  
  21  2:01  Barracks Reactor  
  21  2:05  SCV  
  22  2:17  SCV  
  23  2:23  Command Center  
  23  2:29  SCV  
  24  2:35  Barracks  
  24  2:38  Marine x2  
  24  2:42  SCV  
  27  2:52  Orbital Command  
  27  2:56  Marine x2  
  29  3:01  SCV  
  30  3:08  Engineering Bay  
  30  3:13  Marine  
  30  3:14  Marine  
  30  3:15  SCV  
  30  3:18  SCV  
  34  3:21  Bunker  
  34  3:23  Barracks Tech Lab  
  34  3:27  SCV  
  35  3:30  SCV  
  35  3:31  Marine x2  
  38  3:36  Orbital Command  
  38  3:39  SCV  
  39  3:42  SCV  
  39  3:43  Stimpack  
  39  3:48  Missile Turret  
  40  3:51  Marine x3  
  40  3:53  SCV  
  40  3:54  SCV  
  44  4:02  SCV  
  45  4:05  Refinery, SCV  
  45  4:07  SCV  
  45  4:08  Factory  
  47  4:10  Terran Infantry Weapons Level 1  
  47  4:13  Marine x2  
  47  4:14  Refinery  
  47  4:15  Marine  
  50  4:18  SCV x2  
  50  4:20  SCV  
  53  4:24  Barracks  
  53  4:30  SCV x2  
  53  4:31  Supply Depot  
  55  4:32  SCV  
  55  4:35  Marine  
  55  4:36  Marine x2  
  59  4:42  SCV x2  
  59  4:44  Supply Depot  
  61  4:50  Refinery  
  61  4:52  Starport, Factory Reactor, SCV  
  62  4:54  Supply Depot  
  62  4:59  Barracks  
  62  5:00  Barracks  
  62  5:05  Marauder  
  62  5:06  Marine x2  
  66  5:11  SCV  
  66  5:12  SCV  
  68  5:16  Supply Depot, Barracks Tech Lab  
  68  5:23  Marine  
  68  5:24  Orbital Command, Marine  
  68  5:25  Supply Depot  
  68  5:27  Marauder  
  72  5:29  Supply Depot  
  72  5:36  Marauder  
  72  5:40  Factory Reactor  
  74  5:48  Medivac x2  
  74  5:49  Barracks Reactor, Barracks Tech Lab, Marine x2, Marauder  
  82  5:50  Concussive Shells  
  82  5:55  Combat Shields  
  82  5:57  Marauder  
  82  5:58  Supply Depot  
  82  6:01  Supply Depot  
  84  6:06  Marine x2  
  84  6:09  Marauder  
  84  6:10  Marauder  
  90  6:14  Supply Depot  
  90  6:17  Terran Infantry Armor Level 1  
  90  6:18  Medivac, Marauder  
  92  6:24  Medivac, Marine x2  
  98  6:26  Widow Mine, Marine x2  
  98  6:30  Widow Mine  
  106  6:33  Marauder  
  106  6:38  Marauder  
  108  6:42  Marine x2  
  108  6:44  Supply Depot, Marine x2  
  108  6:46  Supply Depot  
  112  6:47  Widow Mine  
  112  6:51  Widow Mine  
  112  6:53  Medivac  
  118  6:55  Marauder  
  118  6:58  Marauder  
  118  7:00  Marine x2  
  124  7:01  Medivac  
  124  7:02  Marine x2  
  124  7:07  Supply Depot  
  124  7:08  Marauder  
  125  7:17  Marauder  
  125  7:19  Marine x2, Marauder  
  134  7:22  Medivac  
  134  7:23  Widow Mine x2  
  134  7:29  Marauder  
  133  7:31  Marine x2  
  126  7:38  Marauder, Marine x2  
  126  7:41  Marauder  
  127  7:44  Widow Mine x2  
  127  7:49  Marine  
  127  7:50  SCV  
  127  7:51  Marauder, SCV x2  
  125  7:54  Marine  
Show
View Real Time Build Order
Export as new Build Order

ShaDoWn Protoss 

Build Orders: 1 Gate Expand, Oracle Opening 

Get SALT Encoding   

  12  0:00  Probe  
  13  0:13  Probe  
  14  0:18  Pylon  
  14  0:25  Probe  
  15  0:33  Probe  
  15  0:38  Gateway  
  15  0:41  Probe  
  16  0:47  Assimilator  
  17  0:51  Probe  
  18  1:03  Probe  
  19  1:15  Probe  
  20  1:24  Nexus  
  20  1:33  Cybernetics Core  
  20  1:36  Probe  
  21  1:42  Assimilator  
  21  1:49  Probe  
  21  1:51  Pylon  
  22  2:01  Adept, Probe  
  23  2:13  Probe  
  26  2:21  Stargate  
  25  2:25  Probe  
  25  2:27  Adept  
  28  2:32  Probe  
  28  2:33  Warp Gate  
  29  2:37  Probe  
  29  2:40  Probe  
  30  2:48  Probe  
  30  2:50  Probe  
  32  2:56  Probe  
  33  3:02  Probe  
  33  3:04  Oracle, Probe  
  38  3:10  Probe  
  39  3:15  Probe, Pylon  
  39  3:18  Probe  
  42  3:28  Probe  
  42  3:29  Probe  
  42  3:31  Gateway x2  
  42  3:32  Oracle  
  44  3:40  Probe  
  44  3:41  Probe  
  49  3:45  Pylon  
  49  3:52  Assimilator, Probe  
  49  3:53  Assimilator, Probe  
  51  4:04  Probe  
  51  4:05  Probe  
  53  4:12  Nexus  
  53  4:13  Probe  
  53  4:16  Probe  
  54  4:18  Pylon  
  54  4:21  Probe  
  55  4:28  Probe  
  55  4:30  Forge, Twilight Council  
  57  4:31  Probe  
  58  4:40  Probe  
  58  4:43  Probe, Sentry x3  
  66  4:46  Pylon  
  66  4:52  Probe, Robotics Facility  
  67  4:56  Probe  
  68  5:01  Pylon  
  68  5:04  Blink, Probe  
  68  5:06  Protoss Ground Weapons Level 1  
  68  5:07  Probe  
  69  5:12  Probe  
  70  5:15  Probe  
  70  5:18  Stalker x2  
  70  5:20  Probe  
  76  5:23  Probe x2  
  79  5:31  Probe x2  
  79  5:32  Stalker  
  79  5:34  Probe  
  84  5:39  Probe  
  84  5:43  Probe  
  84  5:46  Probe  
  87  5:51  Probe  
  87  5:52  Assimilator  
  87  5:53  Assimilator  
  87  5:56  Observer  
  88  5:59  Gateway  
  88  6:00  Gateway  
  88  6:01  Gateway  
  89  6:05  Gateway  
  89  6:08  Gateway, Templar Archives  
  89  6:11  Stalker x3  
  89  6:14  Observer  
  96  6:20  Shield Battery  
  96  6:22  Probe, Pylon  
  97  6:32  Pylon  
  97  6:35  Observer  
  97  6:39  Stalker x3  
  103  6:49  Immortal  
  103  6:51  Forge  
  101  6:54  Pylon  
  101  6:56  Stalker x2  
  101  6:57  Stalker  
  101  6:58  Pylon  
  111  7:02  Pylon  
  111  7:04  Stalker x3  
  111  7:08  Pylon  
  111  7:18  Stalker x2  
  111  7:19  Stalker x3  
  119  7:23  Shield Battery  
  113  7:32  Zealot  
  113  7:33  Zealot x2  
  98  7:44  Zealot x5  
  106  7:56  Nexus  
  106  8:00  High Templar x3  
  112  8:08  Zealot x3  
  112  8:10  Archon  
Tags
 
Add a new tag
Caveats
  • Supply blocks, unpowered buildings, or Contaminate may cause inaccurate times.
  • Supply counts are checked every 10 seconds.